 Dungeon Crawl Stone Soup version 0.25-a0-1024-gbfbf38f2cb (webtiles) character file.

Game seed: 12467707359935857280, levelgen mode: classic

11515 Amnesiac the Fighter (level 11, -3/124 HPs)
             Began as an Ogre Fighter on May 13, 2020.
             Was an Initiate of Gozag.
             Slain by an elephant (10 damage)
             ... in a Gauntlet.
             The game lasted 00:46:46 (16343 turns).

Amnesiac the Fighter (Ogre Fighter)                Turns: 16343, Time: 00:46:46

Health: -3/124     AC:  3    Str: 25    XL:     11   Next: 78%
Magic:  13/13      EV: 12    Int:  9    God:    Gozag
Gold:   1981       SH: 12    Dex:  8    Spells: 3/10 levels left

rFire    + . .     SeeInvis .   a - +4 whip (venom)
rCold    + + .     Gourm    +   c - +1 kite shield
rNeg     . . .     Faith    .   m - +0 animal skin
rPois    .         Spirit   .   (helmet restricted)
rElec    .         Reflect  .   z - scarf {rC+ rF+}
rCorr    .         Harm     .   (gloves unavailable)
MR       ++...     NoTele   +   (boots unavailable)
Stlth    +.........             y - amulet of the gourmand
HPRegen  0.70/turn              A - ring of protection from magic
MPRegen  0.13/turn              s - ring of protection from cold

@: slowed, lightly drained, very slow
A: large, unfitting armour, regeneration 1, tough skin 1
a: Potion Petition, Call Merchant, Bribe Branch, Renounce Religion


You were in a Gauntlet.
You worshipped Gozag.
Gozag was most pleased with you.
You were very hungry.

You visited 2 branches of the dungeon, and saw 12 of its levels.
You also visited: Sewer, Ossuary, Bailey and Gauntlet.

You collected 2073 gold pieces.
You paid 92 gold pieces to Gozag.

Inventory:

Hand Weapons
 a - a +4 whip of venom (weapon)
 b - a +0 whip of electrocution
 h - a +2 falchion of venom
 v - a +2 short sword of flaming
 G - a +4 trident
Missiles
 n - 12 poisoned darts (quivered)
Armour
 c - a +1 kite shield (worn)
 m - a +0 animal skin (worn)
 z - a scarf of resistance (worn)
Jewellery
 s - a ring of protection from cold (right hand)
 y - an amulet of the gourmand (around neck)
 A - a ring of protection from magic (left hand)
Wands
 w - a wand of digging (6)
 L - a wand of enslavement (10)
Scrolls
 i - 3 scrolls of remove curse {!r}
 j - 3 scrolls of enchant armour {!r}
 l - a scroll of fear {!r, unknown}
 o - 2 scrolls of magic mapping {!r}
 t - 3 scrolls of teleportation {!r}
 B - a scroll of identify {!r}
 E - 2 scrolls of summoning {!r}
 J - 2 scrolls of enchant weapon {!r}
 K - 2 scrolls of brand weapon {!r}
 M - a scroll of torment {!r, unknown}
Potions
 d - a potion of curing {!q}
 e - 3 potions of stabbing {!q}
 g - a potion of cancellation {!q}
 k - 2 potions of haste {!q}
 p - a potion of flight {!q}
 q - a potion of degeneration {!q, unknown}
 r - 3 potions of heal wounds {!q}
 u - 2 potions of magic {!q, unknown}
 x - 2 potions of invisibility {!q}
 C - a potion of ambrosia {!q}
 D - 2 potions of might {!q}
 F - 3 potions of resistance {!q}
 H - a potion of berserk rage {!q}
 I - a potion of experience {!q, unknown}
Comestibles
 f - 11 rations


   Skills:
 + Level 12.5(12.1) Fighting
 - Level 8.0(7.6) Short Blades
 + Level 8.7(8.3) Dodging
 + Level 8.6(8.2) Shields
 + Level 3.9(3.6) Evocations


You had 3 spell levels left.
You knew the following spells:

 Your Spells              Type           Power        Failure   Level  Hunger
a - Call Imp              Summ           #.......     56%         2    ###....
e - Mephitic Cloud        Conj/Pois/Air  #.......     80%         3    ####...
v - Blink                 Tloc           N/A          56%         2    ###....

Your spell library contained the following spells:

 Spells                   Type           Power        Failure   Level  Hunger
 Magic Dart               Conj           #...         43%         1    ##.....
 Slow                     Hex            #.......     56%         2    ###....
 Conjure Flame            Conj/Fire      #.......     80%         3    ####...


Dungeon Overview and Level Annotations

Branches:
Dungeon (11/15)            Temple (1/1) D:6            Lair (0/6) D:11
    Orc (0/2) D:11          Sewer (visited)         Ossuary (visited)
 Bailey (visited)         Gauntlet (1/1)

Altars:
Ashenzari
Cheibriados
Dithmenos
Elyvilon
Fedhas
Gozag
Hepliaklqana
Kikubaaqudgha
Makhleb
Nemelex Xobeh
Okawaru
Qazlal
Ru
Sif Muna
Trog
Uskayaw
Vehumet
Wu Jian
Xom
Yredelemnul
Zin
The Shining One
Beogh

Shops:
D:9 :

Annotations:
Gauntlet 11 transporters


Innate Abilities, Weirdness & Mutations

You are too large for most types of armour.
You have tough skin. (AC +1)
Your natural rate of healing is unusually fast.


Message History

Being near the torpor snail leaves you feeling lethargic.
You feel yourself speed up.
Being near the torpor snail leaves you feeling lethargic.
You whack the elephant!
The elephant is lightly wounded.
You block the elephant's attack. x2
You hit the elephant but do no damage.
The elephant is poisoned.
The elephant is lightly wounded.
You block the elephant's attack.
The elephant trunk-slaps you but does no damage.
The elephant tramples you!
You stumble backwards!
You barely miss the elephant.
The elephant is lightly wounded.
The elephant tramples you.
You hold your ground!
The elephant trunk-slaps you but does no damage.
The elephant closely misses you. x2; The elephant tramples you!
You stumble backwards!
You hit the elephant but do no damage.
The elephant is poisoned.
You hit the elephant.
The elephant looks as sick as possible!
The elephant is moderately wounded.
The tengu conjurer hits the plant.
The tengu conjurer pecks the plant.
The tengu conjurer claws the plant but does no damage.
You block the elephant's attack. The elephant trunk-slaps you.
You hit the elephant.
The elephant looks as sick as possible!
The elephant is moderately wounded.
The elephant tramples you!!
* * * LOW HITPOINT WARNING * * *
You stumble backwards!
The elephant closely misses you.
The elephant trunk-slaps you but does no damage.
You feel yourself speed up. You block the elephant's attack.
The elephant trunk-slaps you.
* * * LOW HITPOINT WARNING * * *
You hit the elephant but do no damage.
The elephant looks as sick as possible!
The elephant is heavily wounded.
The elephant looks more healthy.
The elephant tramples you!!
* * * LOW HITPOINT WARNING * * *
You stumble backwards!
You block the elephant's attack. The elephant trunk-slaps you.
* * * LOW HITPOINT WARNING * * *
Being near the torpor snail leaves you feeling lethargic.
You feel yourself speed up. The elephant closely misses you.
The elephant barely misses you.
You whack the elephant!
The elephant looks as sick as possible!
The elephant is severely wounded.
You whack the elephant!
The elephant looks as sick as possible!
The elephant is severely wounded.
The elephant barely misses you.
The elephant trunk-slaps you but does no damage.
Being near the torpor snail leaves you feeling lethargic.
The elephant tramples you!
* * * LOW HITPOINT WARNING * * *
You stumble backwards!
You barely miss the elephant.
The elephant is moderately wounded.
You feel yourself speed up.
You are feeling very hungry.
The elephant looks more healthy.
The elephant tramples you!
* * * LOW HITPOINT WARNING * * *
You hold your ground!
The elephant trunk-slaps you.
* * * LOW HITPOINT WARNING * * *
Being near the torpor snail leaves you feeling lethargic.
The elephant tramples you!
You die...
Your body crumbles into a pile of gold.

## ### ### ### ### ### 8#
#8# #8# #8# #8# #8#
#######################
.....................≈#
......................###
######...###########..#8#
..#..#.8.#......@Y.#..###
.#...#...#..##.##YY#..#
.#...#####?##...##.#..###
#....#...#.#.....#w#..#8#
##...#©.©#©...©....#©.###
#©##Z#...#$#.....#.#..#
....######.##...##.#..###
.....#...#..##.##..#..#8#
....Z#...#.........#..###


You could see 3 elephants and a torpor snail.

Vanquished Creatures
  5 orc knights (Bailey)
  Pikel (D:4)
  A kobold demonologist (D:6)
  A yaktaur (D:11)
  A troll (D:11)
  3 hippogriffs
  11 orc warriors
  A yak (D:8)
  Eustachio (D:4)
  A wraith (D:4)
  A shadow (D:11)
  A human (D:8)
  A hungry ghost (D:7)
  3 hogs (D:8)
  4 wargs (D:10)
  An acid dragon (D:9)
  2 water moccasins
  4 ice beasts
  A sky beast (D:5)
  3 slaves (D:4)
  5 ogres
  A phantom (D:4)
  5 centaurs
  3 big kobolds
  2 elf zombies
  4 bullfrogs
  3 elf skeletons (D:4)
  2 scorpions
  A killer bee (D:11)
  7 howler monkeys
  7 crimson imps
  2 bullfrog zombies
  2 centaur zombies
  3 hounds
  4 jellies
  12 orc wizards
  A centaur skeleton (D:6)
  5 orc priests
  2 human skeletons (D:4)
  An iguana (D:4)
  Terence (D:2)
  5 worker ants
  A big kobold zombie (Ossuary)
  2 hound zombies
  3 mummies (Ossuary)
  2 hound skeletons
  A howler monkey zombie (D:8)
  Robin (D:3)
  3 gnolls (D:4)
  12 adders
  4 river rats
  3 shadow imps
  2 oozes
  2 adder zombies
  2 worms
  A dart slug (D:2)
  5 leopard geckos
  73 orcs
  2 ball pythons
  3 giant cockroaches
  16 goblins
  13 hobgoblins
  13 jackals
  30 kobolds
  5 quokkas
  6 bats
  10 frilled lizards
  A goblin zombie (Ossuary)
  3 hobgoblin zombies (Ossuary)
  A jackal skeleton (D:7)
  A kobold zombie (Ossuary)
  A leopard gecko skeleton (D:5)
  3 orc skeletons (D:4)
  2 orc zombies (D:4)
  A quokka zombie (D:5)
  11 rats
364 creatures vanquished.

Vanquished Creatures (others)
  An ice beast (D:7)
  A slave (D:4)
  A goblin (D:3)
  A fungus (Gauntlet)
4 creatures vanquished.

Grand Total: 368 creatures vanquished

Notes
Turn   | Place    | Note
-------+----------+-------------------------------------------
     0 | D:1      | Amnesiac the Ogre Fighter began the quest for the Orb.
     0 | D:1      | Reached XP level 1. HP: 24/24 MP: 1/1
   180 | D:1      | Reached XP level 2. HP: 27/32 MP: 2/2
   639 | D:1      | Reached XP level 3. HP: 39/39 MP: 3/3
  1301 | D:2      | Noticed Terence
  1444 | D:2      | Killed Terence
  1444 | D:2      | Reached XP level 4. HP: 40/48 MP: 4/4
  2094 | D:3      | Reached XP level 5. HP: 13/54 MP: 5/5
  2129 | D:3      | Noticed Robin
  2362 | D:3      | Killed Robin
  2492 | D:3      | Found a glowing drain.
  2557 | Sewer    | Entered a sewer
  2774 | Sewer    | Noticed a big kobold
  2830 | Sewer    | Killed a big kobold
  2830 | Sewer    | Reached skill level 5 in Fighting
  2830 | Sewer    | Reached skill level 5 in Short Blades
  2830 | Sewer    | Reached XP level 6. HP: 65/66 MP: 6/6
  2887 | Sewer    | Found a white marble altar of Elyvilon.
  3288 | D:4      | Reached XP level 7. HP: 37/74 MP: 7/7
  3455 | D:4      | Reached skill level 6 in Fighting
  3458 | D:4      | Found a snail-covered altar of Cheibriados.
  3626 | D:4      | Found a sand-covered staircase.
  3636 | Ossuary  | Entered an ossuary
  3636 | Ossuary  | Noticed a wraith
  3636 | Ossuary  | Noticed a wraith
  3636 | Ossuary  | Noticed a wraith
  3913 | Ossuary  | Reached XP level 8. HP: 36/84 MP: 8/8
  4214 | Ossuary  | Noticed a wraith
  4223 | Ossuary  | Gained mutation: You are clumsy. (Dex -2) [potion of
                  | mutation]
  4223 | Ossuary  | Gained mutation: You have sharp fingernails. [potion of
                  | mutation]
  4996 | D:4      | Killed a wraith
  4996 | D:4      | Reached skill level 7 in Fighting
  5114 | D:4      | Noticed Eustachio
  5304 | D:4      | Noticed Pikel
  5334 | D:4      | Killed Pikel
  5334 | D:4      | Reached skill level 8 in Fighting
  5563 | D:4      | Killed Eustachio
  5563 | D:4      | Reached XP level 9. HP: 21/96 MP: 9/9
  6029 | D:5      | Entered Level 5 of the Dungeon
  6930 | D:6      | Noticed a kobold demonologist
  7052 | D:6      | Found a hide-covered altar of Uskayaw.
  7059 | D:6      | Found a staircase to the Ecumenical Temple.
  7075 | Temple   | Entered the Ecumenical Temple
  7127 | Temple   | Became a worshipper of Gozag Ym Sagoz the Greedy
  7183 | D:6      | Reached skill level 5 in Dodging
  7183 | D:6      | Reached skill level 1 in Evocations
  7195 | D:6      | Noticed a hellwing
  7198 | D:6      | Noticed an orange demon
  7204 | D:6      | Killed a kobold demonologist
  7204 | D:6      | Reached skill level 5 in Shields
  7546 | D:6      | Learned a level 2 spell: Blink
  8076 | D:6      | Reached skill level 9 in Fighting
  9421 | D:7      | Reached XP level 10. HP: 21/107 MP: 12/12
  9858 | D:7      | Found an iron altar of Okawaru.
 10584 | D:8      | Noticed a two-headed ogre
 11021 | D:7      | Lost mutation: You are clumsy. (Dex -2) [potion of
                  | mutation]
 11021 | D:7      | Lost mutation: You have sharp fingernails. [potion of
                  | mutation]
 11021 | D:7      | Gained mutation: You are clumsy. (Dex -2) [potion of
                  | mutation]
 11021 | D:7      | Gained mutation: Your natural rate of healing is unusually
                  | fast. [potion of mutation]
 11021 | D:7      | Lost mutation: You are clumsy. (Dex -2) [potion of
                  | mutation]
 11318 | D:6      | Learned a level 2 spell: Call Imp
 11322 | D:6      | Learned a level 3 spell: Mephitic Cloud
 11615 | D:7      | Reached skill level 10 in Fighting
 12326 | D:9      | Found Jixtaalo's Book Shoppe.
 12530 | D:9      | Reached skill level 11 in Fighting
 12806 | D:9      | Reached XP level 11. HP: 78/120 MP: 13/13
 12816 | D:9      | Found a flagged portal.
 12833 | Bailey   | Entered a bailey
 13152 | Bailey   | Noticed an orc knight
 13153 | Bailey   | Noticed an orc knight
 13232 | Bailey   | Killed an orc knight
 13428 | Bailey   | Killed an orc knight
 13444 | Bailey   | Noticed an orc knight
 13494 | Bailey   | Killed an orc knight
 13625 | Bailey   | Noticed an orc knight
 13647 | Bailey   | Killed an orc knight
 13723 | Bailey   | Noticed an orc knight
 13767 | Bailey   | Killed an orc knight
 13767 | Bailey   | Reached skill level 12 in Fighting
 14405 | D:10     | Entered Level 10 of the Dungeon
 15866 | D:11     | Found a staircase to the Lair.
 15962 | D:11     | Found a staircase to the Orcish Mines.
 16010 | D:11     | Found a roughly hewn altar of Beogh.
 16041 | D:11     | Identified the +12 morningstar "Onnely" {drain, Int+4}
 16065 | D:11     | Found a gate leading to a gauntlet.
 16111 | Gauntlet | Entered a Gauntlet
 16111 | Gauntlet | Found a transporter.
 16111 | Gauntlet | Found a transporter.
 16111 | Gauntlet | Noticed a tengu warrior
 16113 | Gauntlet | Found a transporter.
 16115 | Gauntlet | Found a transporter.
 16126 | Gauntlet | Noticed an entropy weaver
 16127 | Gauntlet | Found a transporter.
 16131 | Gauntlet | Found a transporter.
 16147 | Gauntlet | Found a transporter.
 16148 | Gauntlet | Found a transporter.
 16148 | Gauntlet | Noticed an entropy weaver
 16151 | Gauntlet | Noticed a death scarab
 16152 | Gauntlet | Noticed a death scarab
 16163 | Gauntlet | Noticed a spectral death yak
 16163 | Gauntlet | Noticed a spectral death yak
 16165 | Gauntlet | Found a transporter.
 16169 | Gauntlet | Found a transporter.
 16180 | Gauntlet | Found a transporter.
 16183 | Gauntlet | Found a transporter.
 16343 | Gauntlet | Slain by an elephant

Illustrated notes

Levels and vault maps discovered:
D:1:      nicolae_arrival_memento_mori, layout_basic, hangedman_decor_growths
D:2:      layout_loops_ring, minmay_tetromino_t2, uniq_terence
D:3:      layout_rooms, portal_sewer_entry_b, kennysheep_generic_room_10,
          uniq_robin
D:4:      layout_basic, nicolae_ossuary_entry_catacombs, cheibriados_altar_1,
          uniq_eustachio, uniq_pikel
D:5:      layout_loops_ring, first_ration, minmay_crystal_water,
          minmay_misc_feat_room
D:6:      layout_gridville, minmay_temple_entry_statues_fountains, basic_altar,
          serial_glass, glass_columns_b, glass_columns_a
D:7:      layout_loops_ring, okawaru_gym_becter
D:8:      layout_rooms, grunt_livestock
D:9:      layout_irregular_city, enter_bailey_2, serial_shops,
          nicolae_shop_stone
D:10:     layout_stronghold, nooodl_orcs_dogs
D:11:     layout_basic, lair_entry_dummy, minmay_orc_entry_temple_small,
          gauntlet_entry_generic, minmay_the_grid_2x2
          [minmay_the_grid_aliased_spiral, minmay_the_grid_diamond_grid,
          minmay_the_grid_plusring, minmay_the_grid_prize_shrinking_boxes]
Temple:   dpeg_three_leaves_temple
Gauntlet: gammafunk_gauntlet_hard_choice [gammafunk_gauntlet_arena_hedges,
          gammafunk_gauntlet_arena_split_diamond, nicolae_gauntlet_arena_x,
          nicolae_gauntlet_swirl, gammafunk_gauntlet_arena_split_x,
          nicolae_gauntlet_arena_t_cross, gauntlet_exit_watery]

Skill      XL: |  1  2  3  4  5  6  7  8  9 10 11 |
---------------+----------------------------------+-----
Short Blades   | 2 3 4 5 6 8 |  8.0
Shields        | 3 4 5 7 8 |  8.6
Dodging        | 3 4 5 7 8 |  8.7
Fighting       | 5 6 8 9 11 12 | 12.5
Evocations     | 2 3 |  3.9

Action                   |  1- 3 |  4- 6 |  7- 9 | 10-12 || total
-------------------------+-------+-------+-------+-------++-------
Melee: Rapier            |   113 |   174 |   187 |       ||   474
       Whip              |       |    59 |   369 |   719 ||  1147
       Dagger            |       |       |     9 |       ||     9
       Falchion          |       |       |       |    68 ||    68
       Short sword       |       |       |       |    11 ||    11
Throw: Dart              |       |    16 |    83 |    71 ||   170
Invok: Potion Petition   |       |       |       |     1 ||     1
Evoke: Wand              |       |       |       |     1 ||     1
  Use: Scroll            |       |     8 |    12 |     6 ||    26
       Potion            |       |     2 |     8 |    11 ||    21
 Stab: Sleeping          |     1 |       |       |       ||     1
       Invisible         |       |     1 |       |     3 ||     4
       Distracted        |       |       |       |     3 ||     3
  Eat: Chunk             |     1 |     7 |     6 |       ||    14
       Ration            |       |       |     5 |     8 ||    13
Armor: Robe              |    17 |    74 |       |       ||    91
       Animal skin       |       |     2 |   115 |   105 ||   222
       Skin              |       |       |    14 |       ||    14
Dodge: Dodged            |    31 |    85 |   167 |   416 ||   699
Block: Kite shield       |    34 |    96 |   237 |   567 ||   934
       Rpst.: Falchion   |       |       |       |    10 ||    10

Table legend:
 A = Non-vault XP
 B = Vault XP
 C = Vault XP percentage of total XP
 D = Non-vault monster count
 E = Vault monster count
 F = Vault count percentage of total count
                 A         B        C        D         E       F
            +---------+---------+-------+---------+---------+-------
      Total |    7841 |    8609 |  52.3 |     230 |     131 |  36.3
            +---------+---------+-------+---------+---------+-------
        D:1 |      47 |       0 |   0.0 |      24 |       0 |   0.0
        D:2 |      30 |      35 |  53.8 |      11 |       3 |  21.4
        D:3 |     100 |      79 |  44.1 |      28 |      18 |  39.1
        D:4 |     609 |    1452 |  70.5 |      23 |      14 |  37.8
        D:5 |     300 |       0 |   0.0 |       9 |       0 |   0.0
        D:6 |    1390 |       0 |   0.0 |      20 |       0 |   0.0
        D:7 |    1982 |       0 |   0.0 |      42 |       0 |   0.0
        D:8 |     464 |    1013 |  68.6 |      15 |       5 |  25.0
        D:9 |    1892 |       0 |   0.0 |      36 |       0 |   0.0
       D:10 |     516 |    1059 |  67.2 |      10 |      12 |  54.5
       D:11 |     511 |     856 |  62.6 |      12 |      18 |  60.0
      Sewer |       0 |     131 | 100.0 |       0 |      11 | 100.0
    Ossuary |       0 |     182 | 100.0 |       0 |      10 | 100.0
     Bailey |       0 |    3802 | 100.0 |       0 |      40 | 100.0
            +---------+---------+-------+---------+---------+-------
